 Dungeon Crawl Stone Soup version 0.28.0-45-g0d030f2227 (webtiles) character file.

Game seed: 9460551915558727829

21 Naden the Cudgeller (level 2, 0/18 HPs)
             Began as a Gargoyle Gladiator on Apr 7, 2022.
             Was a Follower of the Shining One.
             Frozen to death by an endoplasm (4 damage)
             ... on level 2 of the Dungeon.
             The game lasted 00:04:49 (1208 turns).

Naden the Cudgeller (Gargoyle Gladiator)            Turns: 1208, Time: 00:04:50

Health: 0/18       AC:  7    Str: 17    XL:     2   Next: 87%
Magic:  2/2        EV: 12    Int:  8    God:    the Shining One [*.....]
Gold:   54         SH:  0    Dex: 11    Spells: 1/1 levels left

rFire   . . .      SeeInvis .   a - +0 flail
rCold   . . .      Faith    .   (no shield)
rNeg    + . .      Spirit   .   b - +0 leather armour
rPois   ∞          Reflect  .   c - +0 helmet
rElec   +          Harm     .   (no cloak)
rCorr   .          Rampage  .   q - +0 pair of gloves
Will    .....                   (no boots)
Stlth   +.........              (no amulet)
HPRegen 0.06/turn               (no ring)
MPRegen 0.08/turn               (no ring)

@: glowing
A: sickness immunity, AC +2, negative energy resistance 1, electricity
resistance, torment resistance 1, petrification resistance
a: Renounce Religion, Divine Shield


You were on level 2 of the Dungeon.
You worshipped the Shining One.
The Shining One was aware of your devotion.
You visited 1 branch of the dungeon, and saw 2 of its levels.

You collected 54 gold pieces.

Inventory:

Hand Weapons
 a - a +0 flail (weapon)
Missiles
 d - 3 throwing nets (quivered)
Armour
 b - a +0 leather armour (worn)
 c - a +0 helmet (worn)
 l - a +0 helmet
 n - a +0 robe
 q - a +0 pair of gloves (worn)
Jewellery
 m - an amulet of faith
Scrolls
 e - 2 scrolls of identify {unknown}
 g - a scroll of blinking {unknown}
 h - a scroll of fear {unknown}
 j - a scroll of vulnerability {unknown}
 k - a scroll of teleportation {unknown}
 o - a scroll of magic mapping {unknown}
 r - a scroll of amnesia {unknown}
Potions
 f - a potion of lignification {unknown}
 i - 2 potions of mutation {unknown}
 p - a potion of curing {unknown}


   Skills:
 + Level 2.4 Fighting
 * Level 3.3 Maces & Flails
 + Level 2.0 Throwing
 + Level 0.6 Armour
 + Level 2.5 Dodging


You had one spell level left.
You didn't know any spells.
Your spell library was empty.

Dungeon Overview and Level Annotations

Branches:
Dungeon (2/15)

Altars:
The Shining One


Innate Abilities, Weirdness & Mutations

You are immune to sickness and miasma.
Your stone body is resilient. (AC +2)
You are immune to poison.
You resist negative energy. (rN+)
You are resistant to electric shocks. (rElec)
You are resistant to unholy torment.
You are immune to petrification.


Message History

You now have 54 gold pieces (gained 10).
A kobold comes into view. It is wielding a +0 short sword.
The kobold shouts!
An endoplasm comes into view.
The hobgoblin closely misses you.
You hit the hobgoblin.
The hobgoblin is severely wounded.
The hobgoblin barely misses you.
You hit the hobgoblin but do no damage.
The hobgoblin is severely wounded.
The hobgoblin completely misses you.
You barely miss the hobgoblin.
The hobgoblin is severely wounded.
The hobgoblin hits you but does no damage.
The kobold hits you with a +0 short sword.
You barely miss the hobgoblin.
The hobgoblin is severely wounded.
The hobgoblin hits you but does no damage.
The kobold hits you with a +0 short sword.
The hobgoblin misses you.
You thump the hobgoblin!
You kill the hobgoblin!
The kobold hits you with a +0 short sword.
The endoplasm freezes you.
You are frozen.
The kobold barely misses you.
You see here a hobgoblin corpse.
You sock the kobold!
You kill the kobold!
The endoplasm freezes you.
You are frozen.
* * * LOW HITPOINT WARNING * * *
Found a scroll labelled BAENUM RATOO.
The endoplasm freezes you.
You are frozen.
* * * LOW HITPOINT WARNING * * *
You see here 12 gold pieces.
You hit the endoplasm but do no damage. The endoplasm freezes you.
You are frozen.
You die...

##### ###
.....###.#####
.....#......#########
####.......#.........#
#.....)..............#
.##..†..............#
#.##..#....########..#
......##J#.# #..#
#.......@...#
#####..###
#..###.##.###
#......... .. #. #.#
##...#..### . #. #.#
#.........# #. #.#
#.........# .?.
........#.# #.#
##...##...# ..
#.####.#†# #.........


You could see an endoplasm.

Vanquished Creatures
  An adder (D:2)
  3 hobgoblins
  2 quokkas (D:1)
  2 ball pythons
  A bat (D:2)
  A frilled lizard (D:2)
  3 kobolds
13 creatures vanquished.

Notes
Turn   | Place    | Note
-------+----------+-------------------------------------------
     0 | D:1      | Naden the Gargoyle Gladiator began the quest for the Orb.
     0 | D:1      | Reached XP level 1. HP: 12/12 MP: 1/1
   709 | D:1      | Found a faded altar of an unknown god.
   719 | D:1      | Prayed at the altar of an unknown god.
   719 | D:1      | Became a worshipper of the Shining One
   719 | D:1      | Reached * piety under the Shining One
  1091 | D:2      | Reached XP level 2. HP: 17/18 MP: 2/2
  1208 | D:2      | Frozen to death by an endoplasm

Illustrated notes

Levels and vault maps discovered:
D:1:      lightli_arrival_statuegarden, layout_rooms,
          shapermc_ecumenical_altar_pompeii
D:2:      layout_loops_ring, basic_altar, minmay_circle_x

Skill      XL: |  1  2 |
---------------+-------+-----
Throwing       | 2 |  2.0
Fighting       | |  2.4
Maces & Flails | |  3.3
Armour         | |  0.6
Dodging        | |  2.5

Action                   || total
-------------------------++-------
Melee: Flail             ||    39
Armor: Leather armour    ||    14
Dodge: Dodged            ||    27
